 Dungeon Crawl Stone Soup version 0.19-a0-1008-g4c63d25 (webtiles) character file.

3373 Implojin the Carver (level 10, -3/73 HPs)
             Began as a Halfling Fighter on July 23, 2016.
             Was a Believer of Okawaru.
             Splashed by Joseph's acid (14 damage)
             ... on level 7 of the Dungeon.
             The game lasted 00:19:00 (8001 turns).

Implojin the Carver (Halfling Fighter)              Turns: 8001, Time: 00:19:01

Health: -3/73      AC:  7    Str: 16      XL:     10   Next: 23%
Magic:  10/12      EV: 14    Int:  7      God:    Okawaru [**....]
Gold:   436        SH: 12    Dex: 17 (18) Spells: 0 memorised, 9 levels left

rFire  . . .     SeeInvis +     i - +3 long sword (elec)
rCold  . . .     Gourm    .     j - +1 ring mail
rNeg   . . .     Faith    .     c - +0 shield
rPois  .         Spirit   .     C - +0 helmet
rElec  .         Dismiss  .     m - +0 cloak
rCorr  .         Reflect  .     E - +0 pair of gloves
SustAt .         Harm     .     (no boots)
MR     .....                    e - amulet of regeneration
Stlth  +++.......               J - ring of wizardry
                                z - ring of see invisible

@: heroism, corroded, not resistant to hostile enchantments, fairly stealthy
A: mutation resistance 1
a: Heroism, Renounce Religion


You were on level 7 of the Dungeon.
You worshipped Okawaru.
Okawaru was pleased with you.
You were not hungry.

You visited 2 branches of the dungeon, and saw 8 of its levels.

You collected 436 gold pieces.

Inventory:

Hand Weapons
 a - a +0 long sword
 d - a +1 hand axe of flaming
 i - a +3 long sword of electrocution (weapon)
 t - a +0 falchion of protection
 F - a +4 falchion
Missiles
 u - 6 tomahawks (quivered)
Armour
 b - a +0 scale mail
 c - a +0 shield (worn)
 f - a +0 chain mail
 j - a +1 ring mail (worn)
 m - a +0 cloak (worn)
 w - a +0 plate armour
 C - a +0 helmet (worn)
 E - a +0 pair of gloves (worn)
 L - a +2 robe of the Archmagi
Jewellery
 e - an amulet of regeneration (around neck)
 p - an uncursed ring of ice
 x - an uncursed ring of teleportation
 z - a ring of see invisible (left hand)
 J - a ring of wizardry (right hand)
 K - an uncursed amulet of rage {unknown}
 Q - a +4 ring of protection {unknown}
Wands
 A - a wand of paralysis (9/24)
 D - a wand of random effects (43/48)
 O - a wand of confusion (21/48)
Scrolls
 h - 4 scrolls of remove curse
 n - a scroll of immolation {unknown}
 o - 2 scrolls of blinking
 q - a scroll of fear {unknown}
 r - 2 scrolls of noise
 y - a scroll of amnesia {unknown}
 H - a scroll of fog
 P - a scroll of enchant weapon {unknown}
Potions
 g - a potion of resistance
 l - a potion of magic
 v - a potion of cure mutation
 I - 2 potions of curing
 M - a potion of ambrosia {unknown}
Comestibles
 k - 4 meat rations
 s - 2 bread rations
 B - 9 fruits
 G - 2 royal jellies
 N - a slice of pizza


   Skills:
 * Level 8.4(13.4) Fighting
 - Level 10.3(15.3) Long Blades
 - Level 3.2(8.2) Armour
 - Level 3.2(8.2) Shields
 - Level 3.8 Invocations


You had 9 spell levels left.
You didn't know any spells.

Dungeon Overview and Level Annotations

Branches:
Dungeon (7/15)             Temple (1/1) D:4

Altars:
Ashenzari
Dithmenos
Elyvilon
Fedhas
Gozag
Hepliaklqana
Kikubaaqudgha
Makhleb
Okawaru
Pakellas
Sif Muna
Uskayaw
Vehumet
Xom
The Shining One

Shops:
D:4 [   D:6 %

Annotations:
D:3 exclusion: downstairs
D:4 Menkaure
D:7 Joseph


Innate Abilities, Weirdness & Mutations

You are small and have problems with some larger weapons.
You are somewhat resistant to further mutation.


Message History

You barely miss the orc.
The orc is moderately wounded.
You hit the orc.
The orc is almost dead.
You block the orc's attack.
You slash the orc!
There is a sudden explosion of sparks!
You kill the orc!
Okawaru accepts your kill. The kobold hits you but does no damage.
Things that are here:
an enchanted hand axe; an orc corpse; a big kobold corpse You hit the kobold.
The kobold is heavily wounded.
The kobold hits you but does no damage.
You completely miss the kobold.
The kobold is heavily wounded.
The kobold closely misses you.
You riposte.
You closely miss the kobold.
The kobold is heavily wounded.
You slash the kobold!
There is a sudden explosion of sparks!
You kill the kobold!
Okawaru accepts your kill. The kobold hits you but does no damage.
Your magical contamination has completely faded away.
The kobold hits you but does no damage.
Joseph zaps a wand.
The bolt of acid misses the kobold.
The bolt of acid hits you!
The acid burns!
It is a wand of acid.
You gain the combat prowess of a mighty hero.
The kobold hits you but does no damage.
You hit the kobold but do no damage.
There is a sudden explosion of sparks!
You kill the kobold!
Okawaru accepts your kill.
Joseph unwields an uncursed quarterstaff.
Joseph wields a hunting sling.
Joseph shoots a sling bullet.
The sling bullet hits you!
* * * LOW HITPOINT WARNING * * *
You see here a short sword of freezing.
You hit Joseph but do no damage.
Joseph zaps a wand.
The bolt of acid hits you!
* * * LOW HITPOINT WARNING * * *
The acid corrodes you!
The acid burns!
You die...

..................§§§§.#
#
.............###.§.§.§o#
. #..###....####
######..# ##.. #..#
#...## #..## ..... #.#
##..# #...#...... ##..
##........ ##
####.........
######............
#(@@)...####......
#..######## .....# ###
##..## ##.. ##


You could see Joseph.

Vanquished Creatures
  Grinder (D:3)
  Sigmund (D:3)
  3 humans (D:6)
  A water moccasin (D:5)
  Duvessa (D:7)
  3 sky beasts
  2 ice beasts
  An orc warrior (D:6)
  3 ogres
  A centaur (D:5)
  A big kobold (D:7)
  3 giant frogs
  Blork the orc (D:6)
  Dowan (D:7)
  A water moccasin skeleton (D:6)
  3 howler monkeys
  A crimson imp (D:7)
  2 quasits
  A giant frog skeleton (D:4)
  Terence (D:2)
  2 iguanas
  Natasha (twice) (D:2)
  8 orc wizards
  5 worker ants
  A hound skeleton (D:5)
  A worker ant zombie (D:5)
  11 gnolls
  11 adders
  A shadow imp (D:7)
  2 adder zombies
  2 worms
  A dart slug (D:1)
  7 giant geckos
  23 orcs
  3 giant cockroaches
  5 goblins
  3 hobgoblins
  2 jackals (D:2)
  2 quokkas
  12 bats
  2 giant gecko zombies
  9 giant newts
  A jackal skeleton (D:7)
  9 kobolds
  6 rats
163 creatures vanquished.

Notes
Turn   | Place    | Note
-------+----------+-------------------------------------------
     0 | D:1      | Implojin the Halfling Fighter began the quest for the Orb.
     0 | D:1      | Reached XP level 1. HP: 15/15 MP: 1/1
    60 | D:1      | Reached XP level 2. HP: 20/20 MP: 2/2
   181 | D:1      | Reached skill level 3 in Long Blades
   496 | D:1      | Reached XP level 3. HP: 16/25 MP: 3/3
  1673 | D:2      | Reached skill level 4 in Long Blades
  1673 | D:2      | Reached XP level 4. HP: 21/30 MP: 4/4
  1802 | D:2      | Noticed Natasha
  1808 | D:2      | Killed Natasha
  1808 | D:2      | Reached XP level 5. HP: 35/35 MP: 5/5
  1810 | D:2      | Noticed Terence
  1814 | D:2      | Killed Terence
  1814 | D:2      | Reached skill level 5 in Long Blades
  2017 | D:2      | Noticed Natasha
  2020 | D:2      | Killed Natasha
  2223 | D:3      | Noticed Grinder
  2481 | D:3      | Reached XP level 6. HP: 39/41 MP: 6/6
  2544 | D:3      | Found a shimmering altar of Xom.
  2544 | D:3      | Found a shimmering altar of Xom.
  2545 | D:3      | Found a shimmering altar of Xom.
  2545 | D:3      | Found a shimmering altar of Xom.
  2545 | D:3      | Noticed Sigmund
  2568 | D:4      | Found Pacismom's Armour Shoppe.
  2742 | D:4      | Noticed Menkaure
  2914 | D:3      | Reached skill level 6 in Long Blades
  3451 | D:4      | Found a staircase to the Ecumenical Temple.
  3460 | Temple   | Entered the Ecumenical Temple
  3469 | Temple   | Became a worshipper of Warmaster Okawaru
  3499 | D:5      | Entered Level 5 of the Dungeon
  3527 | D:5      | Noticed a sky beast
  3574 | D:5      | Killed a sky beast
  3574 | D:5      | Reached XP level 7. HP: 22/45 MP: 7/7
  3663 | D:5      | Reached skill level 7 in Long Blades
  4070 | D:5      | Reached * piety under Okawaru
  4070 | D:5      | Reached skill level 8 in Long Blades
  4296 | D:5      | Reached XP level 8. HP: 51/51 MP: 5/8
  4640 | D:5      | Reached skill level 9 in Long Blades
  5854 | D:3      | Killed Grinder
  5854 | D:3      | Reached skill level 10 in Long Blades
  5925 | D:3      | Killed Sigmund
  5925 | D:3      | Reached skill level 2 in Invocations
  5925 | D:3      | Reached XP level 9. HP: 54/55 MP: 6/11
  5958 | D:3      | Found a shimmering altar of Xom.
  6461 | D:6      | Found an oddly glowing altar of Pakellas.
  6470 | D:6      | Reached skill level 3 in Invocations
  6479 | D:6      | Reached skill level 3 in Fighting
  6701 | D:6      | Reached skill level 4 in Fighting
  6851 | D:6      | Reached skill level 5 in Fighting
  6864 | D:6      | Reached ** piety under Okawaru
  6905 | D:6      | Reached skill level 6 in Fighting
  7033 | D:6      | Found a shattered altar of Ashenzari.
  7150 | D:6      | Found Esapoj Osooch's Food Emporium.
  7203 | D:6      | Noticed Blork the orc
  7212 | D:6      | Killed Blork the orc
  7247 | D:6      | Reached skill level 7 in Fighting
  7433 | D:6      | Reached XP level 10. HP: 71/71 MP: 12/12
  7508 | D:7      | Noticed Dowan
  7509 | D:7      | Noticed Duvessa
  7517 | D:7      | Killed Duvessa
  7521 | D:7      | Killed Dowan
  7530 | D:7      | Found an ancient bone altar of Kikubaaqudgha.
  7530 | D:7      | Found a deep blue altar of Sif Muna.
  7706 | D:7      | Reached skill level 8 in Fighting
  7950 | D:7      | Noticed Joseph
  8001 | D:7      | Splashed by Joseph's acid

Vault maps used:
D:1:      dpeg_arrival_round_b
D:2:      uniq_natasha, uniq_terence
D:3:      xom_redecorated, uniq_grinder, uniq_sigmund
D:4:      serial_shops, shop, uniq_menkaure
D:5:      first_bread
D:6:      overflow_temple_1_default, kennysheep_mini_moat, serial_shops,
          shop_fountains, minmay_ruffians, uniq_blork_the_orc
D:7:      minitemple, uniq_duvessa, uniq_prince_ribbit1, uniq_joseph
Temple:   cyrus_circular_temple

Skill      XL: |  1  2  3  4  5  6  7  8  9 10 |
---------------+-------------------------------+-----
Long Blades    | 3 4 5 6 8 10 | 10.3
Invocations    | 2 3 |  3.8
Fighting       | 7 8 |  8.4
Armour         | |  3.2
Shields        | |  3.2

Action                   |  1- 3 |  4- 6 |  7- 9 | 10-12 || total
-------------------------+-------+-------+-------+-------++-------
Melee: Long sword        |   114 |   159 |   433 |    76 ||   782
Throw: Tomahawk          |       |     4 |       |       ||     4
Invok: Heroism           |       |       |    17 |     4 ||    21
Evoke: Wand              |       |     1 |       |       ||     1
  Use: Scroll            |     1 |     6 |     5 |     2 ||    14
       Potion            |     1 |     2 |     2 |       ||     5
  Eat: Bread ration      |     1 |       |       |       ||     1
       Chunk             |       |     4 |    11 |     3 ||    18
       Fruit             |       |       |     2 |       ||     2
Armor: Scale mail        |    13 |       |       |       ||    13
       Ring mail         |    21 |    32 |    88 |    25 ||   166
Dodge: Dodged            |    35 |    35 |   127 |    33 ||   230
Block: Shield            |    43 |    67 |   148 |    47 ||   305

Table legend:
 A = Turns spent in this place as a percentage of turns spent in the entire game.
 B = Non-inter-level travel turns spent in this place as a percentage of non-inter-level travel turns spent in the entire game.
 C = Inter-level travel turns spent in this place as a percentage of turns spent in this place.
 D = Turns resting spent in this place as a percentage of non-inter-level travel turns spent in this place.
 E = Turns spent auto-exploring this place as a percentage of non-inter-level travel turns spent in this place.
 F = Non-inter-level travel turns spent in this place divided by the number of levels of this place that you've seen.
                   A       B       C       D       E      F
               +-------+-------+-------+-------+-------+----------------------
         Total | 100.0 | 100.0 |   0.8 |   2.7 |   6.2 | 320.5
       Dungeon |  99.3 |  99.3 |   0.8 |   2.7 |   6.3 | 363.7
        Temple |   0.7 |   0.7 |   0.0 |   0.0 |   0.0 |  18.0
               +-------+-------+-------+-------+-------+----------------------

Table legend:
 A = Kills in this place as a percentage of kills in entire the game.
 B = Kills by you in this place as a percentage of kills by you in the entire game.
 C = Kills by friends in this place as a percentage of kills by friends in the entire game.
 D = Other kills in this place as a percentage of other kills in the entire game.
 E = Experience gained in this place as a percentage of experience gained in the entire game.
 F = Experience gained in this place divided by the number of levels of this place that you have seen.
                   A       B       C       D       E      F
               +-------+-------+-------+-------+-------+----------------------
         Total | 100.0 | 100.0 |  -nan |  -nan | 100.0 | 602.4
       Dungeon | 100.0 | 100.0 |  -nan |  -nan | 100.0 | 688.4
               +-------+-------+-------+-------+-------+----------------------
